TOP OF THE 1ST |
Balzac Rams batting - Pitching for Menlo Maniacs : RHP Ed Lugo
|
Pitching: RHP Ed Lugo
|
|
Batting: RHB Conner Riley
|
0-0: Foul Ball, location: 2F 0-1: SINGLE (Line Drive, 9S)
|
Batting: RHB Juan Jose López
|
0-0: Ball 1-0: Ball 2-0: SINGLE (Groundball, 34) (infield hit) Conner Riley to second
|
Batting: RHB Pedro Molina
|
0-0: Ball 1-0: Swinging Strike 1-1: Called Strike 1-2: Foul Ball, location: 2F 1-2: Strikes out looking
|
Batting: RHB Gunner Allen
|
0-0: Called Strike Conner Riley steals 3rd base Juan Jose López to second 0-1: Called Strike 0-2: Ball 1-2: Foul Ball, location: 2F 1-2: Ball 2-2: Foul Ball, location: 2F 2-2: Strikes out looking
|
Batting: RHB Thomas Bravo
|
0-0: Ball 1-0: Swinging Strike 1-1: Swinging Strike 1-2: Ball 2-2: Foul Ball, location: 2F 2-2: Foul Ball, location: 2F 2-2: Strikes out swinging
|
Top of the 1st over - 0 runs, 2 hits, 0 errors, 2 left on base; Balzac 0 - Menlo 0 |
BOTTOM OF THE 1ST |
Menlo Maniacs batting - Pitching for Balzac Rams : RHP José García
|
Pitching: RHP José García
|
|
Batting: RHB William Rogers
|
0-0: Called Strike 0-1: Ball 1-1: Called Strike 1-2: Strikes out looking
|
Batting: RHB Joe Smith
|
0-0: Ball 1-0: Ball 2-0: Ground out 6-3 (Groundball, 6)
|
Batting: LHB Dave Lee
|
0-0: Called Strike 0-1: Ball 1-1: Fly out, F9 (Flyball, 9S)
|
Bottom of the 1st over - 0 runs, 0 hits, 0 errors, 0 left on base; Balzac 0 - Menlo 0 |
TOP OF THE 2ND |
Balzac Rams batting - Pitching for Menlo Maniacs : RHP Ed Lugo
|
Batting: RHB Marcos Pérez
|
0-0: Called Strike 0-1: Swinging Strike 0-2: Fly out, F8 (Flyball, 8LD)
|
Batting: LHB Yuan-zhang Ge
|
0-0: Called Strike 0-1: Foul Ball, location: 2F 0-2: Ball 1-2: Hit by Pitch
|
Batting: RHB Nolan Houston
|
0-0: Called Strike 0-1: Ball 1-1: Fly out, F7 (Flyball, 7LMF)
|
Batting: RHB Chris Forrest
|
0-0: Ball 1-0: Ground out 4-3 (Groundball, 34)
|
Top of the 2nd over - 0 runs, 0 hits, 0 errors, 1 left on base; Balzac 0 - Menlo 0 |
BOTTOM OF THE 2ND |
Menlo Maniacs batting - Pitching for Balzac Rams : RHP José García
|
Batting: LHB Marcos Vázquez
|
0-0: Foul Ball, location: 2F 0-1: Foul Ball, location: 2F 0-2: Strikes out swinging
|
Batting: RHB José Méndez
|
0-0: Called Strike 0-1: Ball 1-1: Called Strike 1-2: Strikes out swinging
|
Batting: LHB Ken Smith
|
0-0: Ball 1-0: Ball 2-0: Called Strike 2-1: Ground out 1-3 (Groundball, P)
|
Bottom of the 2nd over - 0 runs, 0 hits, 0 errors, 0 left on base; Balzac 0 - Menlo 0 |
TOP OF THE 3RD |
Balzac Rams batting - Pitching for Menlo Maniacs : RHP Ed Lugo
|
Batting: RHB Conner Riley
|
0-0: Ball 1-0: Foul Ball, location: 2F 1-1: Ball 2-1: Ball 3-1: SINGLE (Flyball, 78M)
|
Batting: RHB Juan Jose López
|
0-0: Ball Conner Riley steals 2nd base 1-0: Foul Ball, location: 2F 1-1: Foul Ball, location: 2F 1-2: Ground out U3 (Groundball, 34) Conner Riley to third
|
Batting: RHB Pedro Molina
|
0-0: Foul Ball, location: 2F 0-1: Swinging Strike 0-2: Fly out, F6 (Line Drive, 6)
|
Batting: RHB Gunner Allen
|
0-0: Ground out 6-3 (Groundball, 6)
|
Top of the 3rd over - 0 runs, 1 hit, 0 errors, 1 left on base; Balzac 0 - Menlo 0 |
BOTTOM OF THE 3RD |
Menlo Maniacs batting - Pitching for Balzac Rams : RHP José García
|
Batting: RHB Miguel González
|
0-0: Foul Ball, location: 2F 0-1: Ball 1-1: Foul Ball, location: 2F 1-2: Hit by Pitch
|
Batting: RHB Dani Torres
|
0-0: SINGLE (Line Drive, 78S) Miguel González to second
|
Batting: RHB Glenn Carter
|
0-0: DOUBLE (Line Drive, 3D) Miguel González scores Dani Torres to third
|
Batting: RHB William Rogers
|
0-0: Swinging Strike 0-1: Foul Ball, location: 2F 0-2: Ball 1-2: SINGLE (Groundball, 56D) Dani Torres scores Glenn Carter to third
|
Batting: RHB Joe Smith
|
0-0: Ball 1-0: Foul Ball, location: 2F 1-1: Ball 2-1: Fly out, F8 (Flyball, 8RS)
|
Batting: LHB Dave Lee
|
0-0: Ball William Rogers is caught stealing 2nd base 1-0: Foul Ball, location: 2F 1-1: Ball 2-1: Ball 3-1: Base on Balls
|
Batting: LHB Marcos Vázquez
|
0-0: Foul Ball, location: 2F 0-1: Foul Ball, location: 2F 0-2: Ball 1-2: Fly out, F5 (Popup, 5S)
|
Bottom of the 3rd over - 2 runs, 3 hits, 0 errors, 2 left on base; Balzac 0 - Menlo 2 |
TOP OF THE 4TH |
Balzac Rams batting - Pitching for Menlo Maniacs : RHP Ed Lugo
|
Batting: RHB Thomas Bravo
|
0-0: Ball 1-0: Ball 2-0: Ball 3-0: Called Strike 3-1: Fly out, F2 (Popup, 25F)
|
Batting: RHB Marcos Pérez
|
0-0: Ball 1-0: Swinging Strike 1-1: Called Strike 1-2: Strikes out looking
|
Batting: LHB Yuan-zhang Ge
|
0-0: Called Strike 0-1: Foul Ball, location: 2F 0-2: Strikes out swinging
|
Top of the 4th over - 0 runs, 0 hits, 0 errors, 0 left on base; Balzac 0 - Menlo 2 |
BOTTOM OF THE 4TH |
Menlo Maniacs batting - Pitching for Balzac Rams : RHP José García
|
Batting: RHB José Méndez
|
0-0: Swinging Strike 0-1: Foul Ball, location: 2F 0-2: Ball 1-2: Ball 2-2: Foul Ball, location: 2F 2-2: Ball 3-2: Strikes out swinging
|
Batting: LHB Ken Smith
|
0-0: Foul Ball, location: 2F 0-1: Ball 1-1: Ball 2-1: Foul Ball, location: 2F 2-2: SINGLE (Line Drive, 78S)
|
Batting: RHB Miguel González
|
0-0: Ball 1-0: Fielders Choice at 2nd, 6-4 (Groundball, 6M)
|
Batting: RHB Dani Torres
|
0-0: Ball Miguel González steals 2nd base 1-0: Fly out, F8 (Flyball, 89M)
|
Bottom of the 4th over - 0 runs, 1 hit, 0 errors, 1 left on base; Balzac 0 - Menlo 2 |
TOP OF THE 5TH |
Balzac Rams batting - Pitching for Menlo Maniacs : RHP Ed Lugo
|
Batting: RHB Nolan Houston
|
0-0: Ball 1-0: Ball 2-0: Ground out 5-3 (Groundball, 56S)
|
Batting: RHB Chris Forrest
|
0-0: Called Strike 0-1: Foul Ball, location: 2F 0-2: Ball 1-2: Ball 2-2: Foul Ball, location: 2F 2-2: Strikes out looking
|
Batting: RHB Conner Riley
|
0-0: Called Strike 0-1: Swinging Strike 0-2: Ball 1-2: Foul Ball, location: 2F 1-2: Reached on error, E3 (Groundball, 34)
|
Batting: RHB Juan Jose López
|
0-0: Called Strike 0-1: Foul Ball, location: 2F 0-2: SINGLE (Line Drive, 89M) Conner Riley to second Runner from 2nd tries for 3rd, SAFE, no throw
|
Batting: RHB Pedro Molina
|
0-0: Called Strike 0-1: Called Strike 0-2: Ball 1-2: SINGLE (Groundball, 34S) (infield hit) Conner Riley scores Juan Jose López to second
|
Batting: RHB Gunner Allen
|
0-0: Ball 1-0: Foul Ball, location: 2F 1-1: Foul Ball, location: 2F 1-2: Strikes out looking
|
Top of the 5th over - 1 run, 2 hits, 1 error, 2 left on base; Balzac 1 - Menlo 2 |
BOTTOM OF THE 5TH |
Menlo Maniacs batting - Pitching for Balzac Rams : RHP José García
|
Batting: RHB Glenn Carter
|
0-0: Called Strike 0-1: Ground out 4-3 (Groundball, 4)
|
Batting: RHB William Rogers
|
0-0: Ball 1-0: SINGLE (Line Drive, 9S)
|
Batting: RHB Joe Smith
|
0-0: Ball 1-0: Foul Ball, location: 2F 1-1: Ball 2-1: Ball 3-1: Base on Balls William Rogers to second
|
Batting: LHB Dave Lee
|
0-0: Ball 1-0: Ball 2-0: Ball William Rogers steals 3rd base Joe Smith to second 3-0: Base on Balls
|
Batting: LHB Marcos Vázquez
|
0-0: Swinging Strike 0-1: Swinging Strike 0-2: Strikes out swinging
|
Batting: RHB José Méndez
|
0-0: Ball 1-0: Ball 2-0: Ball 3-0: Called Strike 3-1: Called Strike 3-2: Ground out 6-3 (Groundball, 6M)
|
Bottom of the 5th over - 0 runs, 1 hit, 0 errors, 3 left on base; Balzac 1 - Menlo 2 |
TOP OF THE 6TH |
Balzac Rams batting - Pitching for Menlo Maniacs : RHP Ed Lugo
|
Batting: RHB Thomas Bravo
|
0-0: Called Strike 0-1: Ball 1-1: Ball 2-1: Called Strike 2-2: Foul Ball, location: 2F 2-2: Foul Ball, location: 2F 2-2: Ball 3-2: Base on Balls
|
Batting: RHB Marcos Pérez
|
0-0: Called Strike 0-1: Called Strike 0-2: Grounds into double play, 6-4-3 (Groundball, 6)
|
Batting: LHB Yuan-zhang Ge
|
0-0: Ball 1-0: Swinging Strike 1-1: Ball 2-1: Ball 3-1: Foul Ball, location: 2F 3-2: Foul Ball, location: 2F 3-2: Strikes out looking
|
Top of the 6th over - 0 runs, 0 hits, 0 errors, 0 left on base; Balzac 1 - Menlo 2 |
BOTTOM OF THE 6TH |
Menlo Maniacs batting - Pitching for Balzac Rams : RHP José García
|
Pitching: LHP Roberto Galaz
|
|
Batting: LHB Ken Smith
|
0-0: Ball 1-0: Ground out U3 (Groundball, 34)
|
Batting: RHB Miguel González
|
0-0: Called Strike 0-1: SINGLE (Groundball, 34D)
|
Batting: RHB Dani Torres
|
0-0: Called Strike 0-1: Foul Ball, location: 2F 0-2: Strikes out swinging
|
Batting: RHB Glenn Carter
|
0-0: Called Strike 0-1: Ball 1-1: Ball 2-1: Foul Ball, location: 2F 2-2: SINGLE (Line Drive, 9) Miguel González to second
|
Batting: RHB William Rogers
|
0-0: Ball 1-0: Foul Ball, location: 2F 1-1: Called Strike 1-2: Strikes out swinging
|
Bottom of the 6th over - 0 runs, 2 hits, 0 errors, 2 left on base; Balzac 1 - Menlo 2 |
TOP OF THE 7TH |
Balzac Rams batting - Pitching for Menlo Maniacs : RHP Ed Lugo
|
Pitching: RHP Brad Small
|
|
Batting: RHB Nolan Houston
|
0-0: Swinging Strike 0-1: Ball 1-1: Ball 2-1: Swinging Strike 2-2: Foul Ball, location: 2F 2-2: Strikes out swinging
|
Batting: RHB Chris Forrest
|
0-0: Called Strike 0-1: SINGLE (Line Drive, 6M)
|
Pinch Hitting: LHB Fernando Cruz
|
0-0: Ball 1-0: Called Strike 1-1: Foul Ball, location: 2F 1-2: Foul Ball, location: 2F 1-2: Foul Ball, location: 2F 1-2: Foul Ball, location: 2F 1-2: Ball 2-2: Foul Ball, location: 2F 2-2: Grounds into double play, 4-6-3 (Groundball, 4D)
|
Top of the 7th over - 0 runs, 1 hit, 0 errors, 0 left on base; Balzac 1 - Menlo 2 |
BOTTOM OF THE 7TH |
Menlo Maniacs batting - Pitching for Balzac Rams : LHP Roberto Galaz
|
Now at 1B: Fernando Cruz
|
|
Batting: RHB Joe Smith
|
0-0: Ball 1-0: Ball 2-0: Called Strike 2-1: Foul Ball, location: 2F 2-2: Ground out U3 (Groundball, 34)
|
Batting: LHB Dave Lee
|
0-0: Ground out 4-3 (Groundball, 34D)
|
Batting: LHB Marcos Vázquez
|
0-0: Ball 1-0: Foul Ball, location: 2F 1-1: Ground out 4-3 (Groundball, 4)
|
Bottom of the 7th over - 0 runs, 0 hits, 0 errors, 0 left on base; Balzac 1 - Menlo 2 |
TOP OF THE 8TH |
Balzac Rams batting - Pitching for Menlo Maniacs : RHP Brad Small
|
Now in CF: Byron Bracy
|
|
Batting: RHB Juan Jose López
|
0-0: Ball 1-0: Ball 2-0: Ball 3-0: Base on Balls
|
Pitching: RHP José Gusmán
|
|
Batting: RHB Pedro Molina
|
0-0: Ball 1-0: Called Strike 1-1: SINGLE (Line Drive, 9S) Juan Jose López to second
|
Batting: RHB Gunner Allen
|
0-0: Called Strike 0-1: Ball 1-1: Ball 2-1: Called Strike 2-2: Fly out, F7 (Flyball, 7S)
|
Pinch Hitting: RHB Sam Lynch
|
0-0: SINGLE (Line Drive, 34D) Juan Jose López to third Pedro Molina to second
|
Pinch Hitting: LHB Dave Sanders
|
0-0: Ball 1-0: Grounds into fielders choice 6-2 (Groundball, 6) Pedro Molina to third Sam Lynch to second
|
Pinch Hitting: RHB Elliott Horn
|
0-0: Called Strike 0-1: Fielders Choice at 2nd, 6-4 (Groundball, 6)
|
Top of the 8th over - 0 runs, 2 hits, 0 errors, 3 left on base; Balzac 1 - Menlo 2 |
BOTTOM OF THE 8TH |
Menlo Maniacs batting - Pitching for Balzac Rams : LHP Roberto Galaz
|
Now at 3B: Elliott Horn
|
|
Now in CF: Sam Lynch
|
|
Now in RF: Curt Eastham
|
|
Batting: RHB José Méndez
|
0-0: Ball 1-0: Foul Ball, location: 2F 1-1: Ball 2-1: Ball 3-1: Foul Ball, location: 2F 3-2: Base on Balls
|
Pinch Hitting: RHB Jimmy Skinner
|
0-0: Bunted foul 0-1: Bunted foul 0-2: SINGLE (Groundball, 4D) José Méndez to second
|
Batting: RHB Miguel González
|
0-0: Sac Bunt - play at first, batter OUT! 3-4 José Méndez to third Jimmy Skinner to second
|
Batting: RHB Dani Torres
|
0-0: Intentional Walk
|
Batting: RHB Glenn Carter
|
0-0: Swinging Strike 0-1: Swinging Strike 0-2: Strikes out looking
|
Pinch Hitting: RHB Clinton Barton
|
0-0: Called Strike 0-1: SINGLE (Groundball, 4MD) José Méndez scores Jimmy Skinner to third Dani Torres to second Runner from 3rd tries for Home, SAFE, no throw
|
Batting: RHB Joe Smith
|
0-0: Called Strike 0-1: Swinging Strike 0-2: Ball 1-2: Ball 2-2: Foul Ball, location: 2F 2-2: Ball 3-2: DOUBLE (Flyball, 89D) Dani Torres scores Clinton Barton to third Clinton Barton scores
|
Pitching: RHP Jorge Álvarez
|
|
Batting: LHB Dave Lee
|
0-0: Fly out, F6 (Line Drive, 6M)
|
Bottom of the 8th over - 4 runs, 3 hits, 0 errors, 1 left on base; Balzac 1 - Menlo 6 |
TOP OF THE 9TH |
Balzac Rams batting - Pitching for Menlo Maniacs : RHP José Gusmán
|
Now at 1B: Tristan Walker
|
|
Now at 2B: Jason Patrick
|
|
Now in CF: Jimmy Skinner
|
|
Batting: RHB Nolan Houston
|
0-0: Called Strike 0-1: Ball 1-1: Swinging Strike 1-2: Foul Ball, location: 2F 1-2: Strikes out looking
|
Batting: RHB Chris Forrest
|
0-0: Ball 1-0: Called Strike 1-1: Foul Ball, location: 2F 1-2: Foul Ball, location: 2F 1-2: Ground out 4-3 (Groundball, 4)
|
Batting: LHB Fernando Cruz
|
0-0: Swinging Strike 0-1: SINGLE (Line Drive, 9S)
|
Batting: RHB Juan Jose López
|
0-0: Ball 1-0: Ball 2-0: Ball 3-0: Called Strike 3-1: Swinging Strike 3-2: 2-RUN HOME RUN (Flyball, 78XD), Distance : 390 ft
|
Pitching: RHP Jesús Martínez
|
|
Batting: RHB Pedro Molina
|
0-0: Ball 1-0: Ball 2-0: Hit by Pitch
|
Pitching: RHP Daniel Betteridge
|
|
Batting: RHB Gunner Allen
|
0-0: Ball 1-0: Called Strike 1-1: Foul Ball, location: 2F 1-2: Strikes out swinging
|
Top of the 9th over - 2 runs, 2 hits, 0 errors, 1 left on base; Balzac 3 - Menlo 6 |
|